AoeStats
← TW_Jerry YT @TW-aoe2noobs

Arena

508906498Analyzed
4v4 RM · 7d ago on Sep 24, 2026· 45m 50s· 8 players
Game mode
Random Map
Map size
Large (8 player)
Population
200
Speed
Normal
Resources
Standard
Victory
Conquest
Starting age
Dark Age
Ending age
Imperial Age
RankedLock teamsTeams togetherTeam positionsShared explorationLock speedFull tech treeHidden civsTurbo modeCheats
Victory
Defeat
🇹🇼 Varangians · Taiwan
1598
+14
🇹🇼 Poles · Taiwan
1579
+15
🇹🇼 Spanish · Taiwan
1546
+16
1528
+17
🇹🇼 Danes · Taiwan
1672
-20
🇹🇼 Bengalis · Taiwan
1643
-19
🇭🇰 Britons · Hong Kong SAR China
1616
-18
🇹🇼 Varangians · Taiwan
1255
-18
Umi
10:55 Feudal Age
12:20 Double-Bit Axe
14:59 Castle Age
12:42 Horse Collar
15:59 Bow Saw
17:12 Heavy Plow
19:16 Wheelbarrow
22:23 Loom
23:11 Stone Mining
23:11 Gold Mining
28:33 Imperial Age
26:09 Scale Mail Armor
27:08 Chain Mail Armor
26:15 Pikeman
26:56 Squires
27:25 Masonry
28:00 Forging
28:42 Hand Cart
28:12 Town Watch
29:05 Gold Shaft Mining
28:45 Halberdier
29:56 Plate Mail Armor
30:00 Conscription
30:43 Chemistry
30:57 Iron Casting
30:42 Murder Holes
30:54 Fletching
31:31 Padded Archer Armor
31:04 Onager
33:06 Bodkin Arrow
32:47 Elite Varangian Guard
38:20 Blast Furnace
38:12 Gambesons
37:57 Capped Ram
44:28 Arson
45:22 Siege Ram
greatsurferTW
10:42 Feudal Age
14:34 Castle Age
13:04 Double-Bit Axe
13:00 Horse Collar
15:41 Bow Saw
21:26 Loom
26:52 Imperial Age
26:45 Fervor
27:54 Sanctity
27:44 Scale Mail Armor
29:07 Chemistry
28:44 Wheelbarrow
28:07 Gold Mining
29:51 Conscription
29:23 Fletching
31:10 Masonry
30:57 Bodkin Arrow
30:41 Elite Elephant Archer
32:03 Gold Shaft Mining
32:10 Bracer
33:24 Padded Archer Armor
33:37 Paiks
34:30 Leather Archer Armor
34:48 Ballistics
35:50 Hand Cart
35:52 Fortified Wall
36:39 Ring Archer Armor
37:59 Scale Barding Armor
39:11 Bloodlines
39:03 Husbandry
41:33 Forging
hide1914
10:24 Feudal Age
10:28 Feudal Age
12:18 Double-Bit Axe
12:21 Horse Collar
14:50 Castle Age
15:45 Bow Saw
15:35 Heavy Plow
17:55 Fletching
20:10 Wheelbarrow
19:51 Fletching
20:36 Gold Mining
22:38 Bodkin Arrow
23:12 Hand Cart
22:59 Stone Mining
23:59 Ballistics
24:10 Padded Archer Armor
29:08 Imperial Age
27:37 Leather Archer Armor
29:58 Bracer
29:43 Elite Longbowman
30:54 Conscription
31:34 Ring Archer Armor
32:35 Yeomen
33:48 Chemistry
35:48 Masonry
35:44 Siege Engineers
38:01 Hoardings
41:13 Loom
42:44 Scale Mail Armor
42:54 Forging
42:37 Pikeman
43:17 Squires
45:20 Chain Mail Armor
Avicii
10:29 Feudal Age
14:02 Castle Age
12:03 Double-Bit Axe
12:27 Horse Collar
15:03 Wheelbarrow
14:53 Bow Saw
15:15 Heavy Plow
20:40 Stone Mining
20:47 Gold Mining
21:47 Town Watch
23:49 Hand Cart
24:19 Stone Shaft Mining
26:02 Loom
29:30 Imperial Age
27:32 Scale Barding Armor
27:37 Forging
29:24 Chain Barding Armor
29:40 Iron Casting
29:27 Treadmill Crane
29:54 Husbandry
30:05 Bloodlines
29:20 Vendel Legacy
30:13 Masonry
30:00 Elite Jarl
32:04 Plate Barding Armor
32:30 Blast Furnace
32:58 Conscription
36:22 Caravan
39:17 Fletching
39:57 Ballistics
40:37 Chemistry
40:12 Architecture
40:30 Bodkin Arrow
40:41 Light Cavalry
41:17 Hussar
44:43 Two-Man Saw
45:25 Bracer
TW_Jerry YT @TW-aoe2noobs
10:59 Feudal Age
15:18 Castle Age
14:06 Double-Bit Axe
14:04 Horse Collar
16:28 Heavy Plow
18:14 Bow Saw
22:38 Loom
23:30 Wheelbarrow
27:34 Imperial Age
25:28 Scale Mail Armor
25:38 Forging
25:57 Stone Mining
26:05 Gold Mining
26:31 Chain Mail Armor
27:27 Hand Cart
27:36 Elite Obuch
27:37 Capped Ram
28:44 Conscription
29:49 Plate Mail Armor
30:37 Iron Casting
31:17 Siege Engineers
31:43 Squires
31:28 Arson
33:07 Crop Rotation
33:39 Blast Furnace
33:05 Siege Ram
35:06 Szlachta Privileges
35:37 Masonry
35:49 Ballistics
36:12 Scale Barding Armor
36:48 Lechitic Legacy
37:24 Chain Barding Armor
38:11 Chemistry
37:04 Fletching
38:11 Bloodlines
38:05 Husbandry
38:30 Light Cavalry
39:47 Winged Hussar
41:55 Bodkin Arrow
44:55 Caravan
TW_KA
11:23 Feudal Age
15:24 Castle Age
14:01 Horse Collar
14:08 Double-Bit Axe
17:28 Padded Archer Armor
24:10 Bloodlines
24:19 Leather Archer Armor
27:46 Loom
30:44 Wheelbarrow
32:31 Gold Mining
TW_元元之抱歉太帥了
10:50 Feudal Age
12:09 Double-Bit Axe
12:05 Horse Collar
14:30 Castle Age
15:56 Bow Saw
21:24 Wheelbarrow
22:11 Gold Mining
23:24 Hand Cart
23:05 Gold Mining
23:07 Stone Mining
24:00 Heavy Plow
25:26 Gold Shaft Mining
28:53 Imperial Age
27:00 Forging
26:50 Scale Mail Armor
27:38 Ballistics
27:06 Treadmill Crane
27:36 Fletching
27:58 Squires
27:44 Arson
28:12 Loom
28:12 Town Watch
29:33 Iron Casting
29:15 Chain Mail Armor
30:01 Conscription
30:46 Two-Man Saw
30:29 Crop Rotation
31:04 Chemistry
30:37 Plate Mail Armor
30:03 Bodkin Arrow
30:28 Shield Wall
30:38 Elite Hearth Troop
31:49 Bracer
32:16 Guard Tower
32:11 Arrowslits
33:40 Siege Engineers
34:12 Keep
35:14 Masonry
41:47 Architecture
41:12 Crossbowman
41:57 Thumb Ring
42:03 Arbalester
42:46 Padded Archer Armor
43:56 Elite Skirmisher
45:57 Leather Archer Armor
游樂比(ULB)
9:41 Feudal Age
10:35 Feudal Age
12:03 Double-Bit Axe
14:27 Castle Age
12:08 Horse Collar
12:53 Town Watch
15:30 Bow Saw
15:22 Heavy Plow
23:26 Wheelbarrow
23:51 Loom
24:32 Stone Mining
27:12 Imperial Age
25:00 Gold Mining
25:01 Town Watch
25:56 Scale Barding Armor
26:21 Forging
26:53 Stone Shaft Mining
26:49 Bloodlines
27:22 Husbandry
27:55 Chain Barding Armor
27:20 Elite Jarl
29:21 Plate Barding Armor
29:57 Iron Casting
32:22 Blast Furnace
30:43 Light Cavalry
31:45 Hussar
34:02 Hand Cart
Connection lost

Rejoining the realm…

Still unreachable

The connection could not be restored.

Session expired

The server has moved on; the page needs a fresh start.